 Dungeon Crawl Stone Soup version 0.31.0-9-g3a7656b989 (webtiles) character file.

Game seed: 6169427571534576349

46 qw the Shooter (level 3, 0/20 HPs)
             Began as a Deep Elf Hunter on Feb 2, 2024.
             Succumbed to their own poison gas
             ... on level 2 of the Dungeon.
             The game lasted 00:00:04 (1382 turns).

qw the Shooter (Deep Elf Hunter)                    Turns: 1382, Time: 00:00:05

Health: 0/20       AC:  8    Str: 10    XL:     3   Next: 46%
Magic:  5/5        EV:  9    Int: 13    God:
Gold:   128        SH:  0    Dex: 18    Spells: 2/2 levels left

rFire   . . .        a - +0 shortbow
rCold   . . .        (shield currently unavailable)
rNeg    . . .        e - +0 scale mail
rPois   .            j - +2 hat
rElec   .            (no cloak)
rCorr   .            (no gloves)
SInv    .            (no boots)
Will    .....        (no amulet)
Stlth   +            (no ring)
HPRegen 0.23/turn    (no ring)
MPRegen 0.09/turn

%: no passive effects
@: lethally poisoned (0 -> -2), invisible
A: no striking features
a: no special abilities


You were on level 2 of the Dungeon.
You visited 1 branch of the dungeon, and saw 2 of its levels.

You collected 128 gold pieces.


   Skills:
 - Level 1.5 Fighting
 + Level 7.0 Ranged Weapons
 - Level 2.4 Dodging
 - Level 1.2 Stealth


You had 2 spell levels left.
You didn't know any spells.
Your spell library was empty.

Inventory:

Hand Weapons
 a - a +0 shortbow (weapon)
Armour
 e - a +0 scale mail (worn)
 j - a +2 hat (worn)
Potions
 d - a potion of resistance
 f - a potion of haste {unknown}
 g - a potion of berserk rage {unknown}
 i - a potion of enlightenment {unknown}
 k - a potion of might {unknown}

Dungeon Overview and Level Annotations

Branches:
Dungeon (2/15)

Altars:


Message History

It is a scroll of amnesia.
You feel forgetful for a moment.
Done exploring.
1372 ||| READING scroll labelled QAUMYU XIVE.
The air fills with toxic fumes!
As you read the scroll labelled QAUMYU XIVE, it crumbles to dust.
It was a scroll of poison.
Done exploring.
1373 ||| DRINKING 2 puce potions.
It was a potion of invisibility.
You fade into invisibility!
Done exploring.
1374 ||| DROPPING potion of invisibility.
You drop a potion of invisibility.
Done exploring.
What level of the Dungeon? (default 2, ? - help) Sorry, I don't know how to get there.
Enter note:
Enter note:
Enter note:
Enter note:
Enter note:
Enter note:
Enter note:
Enter note:
Enter note: You are poisoned.
You feel very sick.
1376 ||| Stepping ~*~*~tactically~*~*~ (cloud).
You feel very sick.
You see here a potion of invisibility.
There is a lethal amount of poison in your body!
You feel sick.
There is a lethal amount of poison in your body!
You feel sick.
There is a lethal amount of poison in your body!
You feel sick.
There is a lethal amount of poison in your body!
You feel sick.
There is a lethal amount of poison in your body!
You feel sick.
There is a lethal amount of poison in your body!
You die...

#.#
#...###.........#.#
#.#
#####...#....######.#
#.#
#...................#
#.#
#.#####.#############
## #.# #.#
#.......### #. #.#
#.# #######...######
#. #.# #.#
###......###. #.# #.#
#############.:###
#.#####.# #@¤000¤0#
##...# #....##.#
#¤#####.# ###.#
####.##.# #.# #.#
####.. #....# #¤#
#.#####.....
#....######+##
#.....'.....
#............#
#######.....
#.:..))......# #.....
#....).......# #.....
#####....)...# #...[.


There were no monsters in sight!

Vanquished Creatures
  A ribbon worm (D:2)
  2 dart slugs
  2 ball pythons (D:1)
  2 endoplasms
  2 giant cockroaches
  4 hobgoblins (D:1)
  9 kobolds
  A quokka (D:1)
  4 bats
  5 frilled lizards
  3 goblins
  5 rats
40 creatures vanquished.

Notes
Turn   | Place    | Note
-------+----------+-------------------------------------------
     0 | D:1      | qw the Deep Elf Hunter began the quest for the Orb.
     0 | D:1      | Reached XP level 1. HP: 12/12 MP: 3/3
     0 | D:1      | 0 ||| qw: Version: 0.3-a-155-g5e7d8dd
     0 | D:1      | 0 ||| qw: Game counter: 1323
     0 | D:1      | 0 ||| qw: Melee chars always use a shield: true
     0 | D:1      | 0 ||| qw: God list: Okawaru
     0 | D:1      | 0 ||| qw: Allow faded altars: false
     0 | D:1      | 0 ||| qw: Do Orc after clearing Dungeon:15 true
     0 | D:1      | 0 ||| qw: Do second Lair branch before Depths: true
     0 | D:1      | 0 ||| qw: Lair rune preference: random
     0 | D:1      | 0 ||| qw: Goals: Normal
     0 | D:1      | 0 ||| PLANNING D:1-11
   102 | D:1      | Reached XP level 2. HP: 16/16 MP: 4/4
   112 | D:1      | Reached skill level 6 in Ranged Weapons
   480 | D:1      | Found a faded altar of an unknown god.
   703 | D:1      | 703 ||| UPGRADING to +0 scale mail.
   713 | D:1      | 713 ||| DROPPING +0 leather armour.
   714 | D:1      | 714 ||| UPGRADING to +2 hat.
   719 | D:1      | 719 ||| READING scroll labelled CETAOKOC VIHO.
   719 | D:1      | 719 ||| IDENTIFYING bubbling yellow potion
   720 | D:1      | 720 ||| READING scroll labelled QAFEHOAFYORGH.
   721 | D:1      | 721 ||| READING scroll labelled GABEHEP XEPO.
   722 | D:1      | 722 ||| DROPPING scroll of butterflies.
   755 | D:2      | Reached XP level 3. HP: 20/20 MP: 5/5
   841 | D:2      | 841 ||| FLEEEEING.
  1009 | D:2      | Reached skill level 7 in Ranged Weapons
  1371 | D:2      | 1371 ||| READING scroll labelled ZITHAN AGONOS.
  1372 | D:2      | 1372 ||| READING scroll labelled QAUMYU XIVE.
  1373 | D:2      | 1373 ||| DRINKING 2 puce potions.
  1374 | D:2      | 1374 ||| DROPPING potion of invisibility.
  1376 | D:2      | 1376 ||| Stepping ~*~*~tactically~*~*~ (cloud).
  1376 | D:2      | HP: 5/20 [poisoned by you (poison gas)]
  1379 | D:2      | HP: 2/20 [poisoned by you (poison gas)]
  1382 | D:2      | Succumbed to their own poison gas

Levels and vault maps discovered:
D:1:      onia_arrival_mini_maze_b, layout_loops_ring, basic_ecumenical_altar,
          minmay_crystal_water, minivault_25, roderic_serpentine_path
D:2:      layout_basic

Skill      XL: |  1  2  3 |
---------------+----------+-----
Ranged Weapons | 6 7 |  7.0
Fighting       | |  1.5
Dodging        | |  2.4
Stealth        | |  1.2

Action                     || total
---------------------------++-------
   Fire: Shortbow          ||   102
    Use: Scroll            ||     5
         Potion            ||     1
 Armour: Leather armour    ||     5
         Scale mail        ||    18
  Dodge: Dodged            ||    18

Table legend:
 A = Non-vault XP
 B = Vault XP
 C = Vault XP percentage of total XP
 D = Non-vault monster count
 E = Vault monster count
 F = Vault count percentage of total count
                 A         B        C        D         E       F
            +---------+---------+-------+---------+---------+-------
      Total |      65 |       2 |   3.0 |      39 |       1 |   2.5
            +---------+---------+-------+---------+---------+-------
        D:1 |      38 |       2 |   5.0 |      24 |       1 |   4.0
        D:2 |      27 |       0 |   0.0 |      15 |       0 |   0.0
            +---------+---------+-------+---------+---------+-------
